[ AOE2 MATCH · #504700562 ]
UnrankedAztecs vs Spanish
Player's team · LOSS
Rival team · WIN
[ REPLAY ANALYSIS · EXTRACTED FROM THE RECORDED GAME ]
Feudal
8:52
Castle
20:16
Imperial
—
| APM avg | 65.2 |
| APM peak | 109 |
| eAPM avg | 34.9 |
| Villagers / military | 85 / 49 |
Focus
⚔️ 48.3% · 🌾 51.7%
Skirmisher ×24 · Monk ×18 · Militia ×4 · Archer ×3
Feudal
11:45
Castle
16:43
Imperial
—
| APM avg | 58.4 |
| APM peak | 104 |
| eAPM avg | 21.9 |
| Villagers / military | 69 / 34 |
Focus
⚔️ 33.6% · 🌾 66.4%
Conquistador ×27 · Mangonel ×3 · Petard ×2 · Missionary ×2
Match map
Initial resources + every placement click. Lines = walls · curves = elevation contours. ◆ gold · ⬟ stone · ● berries · ✦ relic · ◌ wall gap
Your base· ✓ Closed at 20:16 · 58t walls · no gate
CNZS_98T's base· ✓ Closed at 16:43 · 59t walls · no gate
Smoothed initial terrain · ◌ = detected wall gap · hover for details
Inputs per minute
— 我本善良 - - CNZS_98T
Build order — 我本善良
First 150 of 254 actions detected
| 0:00 | Queue | Villager (Male) |
| 0:01 | Build | House |
| 0:02 | Build | House |
| 0:20 | Queue | Villager (Male) |
| 0:32 | Queue | Villager (Male) |
| 0:32 | Queue | Villager (Male) |
| 0:32 | Queue | Villager (Male) |
| 1:23 | Queue | Villager (Male) |
| 1:58 | Queue | Villager (Male) |
| 2:11 | Build | Lumber Camp |
| 2:16 | Queue | Villager (Male) |
| 2:44 | Queue | Villager (Male) |
| 3:08 | Queue | Villager (Male) |
| 3:28 | Research | Loom |
| 3:34 | Queue | Villager (Male) |
| 3:34 | Queue | Villager (Male) |
| 3:53 | Build | House |
| 3:54 | Build | House |
| 4:04 | Queue | Villager (Male) |
| 4:04 | Queue | Villager (Male) |
| 4:21 | Build | House |
| 4:29 | Queue | Villager (Male) |
| 4:59 | Queue | Villager (Male) |
| 5:17 | Queue | Villager (Male) |
| 5:45 | Build | Barracks |
| 5:48 | Queue | Villager (Male) |
| 6:09 | Research | Loom |
| 6:39 | Build | House |
| 6:42 | Research | Feudal Age |
| 7:08 | Queue | Militia |
| 7:12 | Queue | Militia |
| 7:26 | Queue | Militia |
| 7:26 | Queue | Militia |
| 7:36 | Build | Mining Camp |
| 8:16 | Build | House |
| 8:23 | Build | House |
| 8:28 | Queue | Villager (Male) |
| 8:52 | Age | Feudal Age |
| 8:58 | Build | Archery Range |
| 8:59 | Research | Man-at-Arms (upgrade) |
| 9:14 | Queue | Villager (Male) |
| 9:14 | Queue | Villager (Male) |
| 9:24 | Build | Watch Tower |
| 9:42 | Queue | Villager (Male) |
| 9:57 | Queue | Archer |
| 9:59 | Build | House |
| 10:04 | Queue | Villager (Male) |
| 10:09 | Build | Palisade Wall |
| 10:10 | Build | Palisade Wall |
| 10:24 | Build | Mining Camp |
| 10:30 | Queue | Archer |
| 10:37 | Queue | Villager (Male) |
| 11:14 | Queue | Archer |
| 11:15 | Queue | Villager (Male) |
| 11:16 | Queue | Villager (Male) |
| 11:49 | Build | Watch Tower |
| 11:53 | Queue | Villager (Male) |
| 11:53 | Queue | Villager (Male) |
| 11:55 | Build | Mill |
| 12:06 | Build | Watch Tower |
| 12:14 | Build | House |
| 12:35 | Queue | Villager (Male) |
| 12:42 | Build | Palisade Wall |
| 12:42 | Build | Palisade Wall |
| 12:42 | Build | Palisade Wall |
| 12:43 | Build | Palisade Wall |
| 13:06 | Queue | Villager (Male) |
| 13:16 | Build | Palisade Wall |
| 13:20 | Build | Farm |
| 13:21 | Build | Farm |
| 13:22 | Build | Farm |
| 13:38 | Queue | Villager (Male) |
| 13:54 | Queue | Villager (Male) |
| 14:02 | Build | Mill |
| 14:14 | Build | Farm |
| 14:14 | Queue | Villager (Male) |
| 14:40 | Queue | Villager (Male) |
| 15:00 | Build | Watch Tower |
| 15:07 | Queue | Villager (Male) |
| 15:08 | Build | Farm |
| 15:14 | Build | Outpost |
| 15:30 | Build | Farm |
| 15:31 | Queue | Villager (Male) |
| 15:44 | Build | Farm |
| 15:54 | Build | Farm |
| 15:57 | Queue | Villager (Male) |
| 16:18 | Build | House |
| 16:29 | Queue | Villager (Male) |
| 16:52 | Build | Market |
| 16:58 | Queue | Villager (Male) |
| 17:24 | Queue | Skirmisher |
| 17:36 | Research | Castle Age |
| 17:44 | Build | Stone Wall |
| 17:48 | Build | Stone Wall |
| 17:50 | Build | Stone Wall |
| 17:51 | Build | Stone Wall |
| 17:52 | Build | Stone Wall |
| 17:59 | Build | Stone Wall |
| 18:09 | Queue | Skirmisher |
| 18:13 | Build | Archery Range |
| 18:30 | Queue | Skirmisher |
| 18:42 | Build | Stone Wall |
| 18:48 | Build | Lumber Camp |
| 18:50 | Build | Stone Wall |
| 18:59 | Queue | Skirmisher |
| 18:59 | Queue | Skirmisher |
| 19:10 | Queue | Villager (Male) |
| 19:11 | Queue | Skirmisher |
| 19:11 | Queue | Skirmisher |
| 19:32 | Build | House |
| 19:34 | Build | Stone Wall |
| 19:39 | Queue | Villager (Male) |
| 19:49 | Build | Stone Wall |
| 19:50 | Build | Stone Wall |
| 20:16 | Age | Castle Age |
| 20:25 | Build | Monastery |
| 20:30 | Queue | Villager (Male) |
| 20:37 | Research | Double-Bit Axe |
| 20:45 | Build | House |
| 20:56 | Queue | Monk |
| 20:58 | Build | Gate |
| 21:20 | Research | Town Watch |
| 21:24 | Research | Bow Saw |
| 21:26 | Queue | Villager (Male) |
| 21:41 | Build | Town Center |
| 21:46 | Queue | Monk |
| 21:59 | Queue | Villager (Male) |
| 22:15 | Build | House |
| 22:20 | Queue | Monk |
| 22:30 | Build | Blacksmith |
| 22:34 | Queue | Villager (Male) |
| 22:40 | Queue | Villager (Male) |
| 22:51 | Queue | Villager (Male) |
| 22:51 | Queue | Villager (Male) |
| 22:51 | Queue | Villager (Male) |
| 23:23 | Build | Town Center |
| 23:31 | Queue | Monk |
| 23:33 | Queue | Villager (Male) |
| 23:36 | Research | Elite Skirmisher (upgrade) |
| 23:37 | Research | Fletching |
| 23:48 | Queue | Villager (Male) |
| 23:49 | Queue | Villager (Male) |
| 23:51 | Build | Farm |
| 24:02 | Research | Sanctity |
| 24:06 | Build | Farm |
| 24:21 | Build | Farm |
| 24:23 | Build | Farm |
| 24:29 | Queue | Villager (Male) |
| 24:29 | Queue | Villager (Male) |
| 24:40 | Build | House |
Build order — CNZS_98T
First 150 of 201 actions detected
| 0:00 | Queue | Villager (Male) |
| 0:01 | Queue | Villager (Male) |
| 0:01 | Queue | Villager (Male) |
| 0:01 | Queue | Villager (Male) |
| 0:02 | Build | House |
| 0:05 | Build | House |
| 1:29 | Queue | Villager (Male) |
| 1:29 | Queue | Villager (Male) |
| 1:52 | Queue | Villager (Male) |
| 2:15 | Build | Lumber Camp |
| 2:21 | Queue | Villager (Male) |
| 2:50 | Queue | Villager (Male) |
| 2:50 | Queue | Villager (Male) |
| 3:15 | Queue | Villager (Male) |
| 3:30 | Build | House |
| 3:34 | Queue | Villager (Male) |
| 4:16 | Queue | Villager (Male) |
| 4:30 | Queue | Villager (Male) |
| 5:05 | Build | House |
| 5:08 | Queue | Villager (Male) |
| 5:12 | Queue | Villager (Male) |
| 5:48 | Build | Palisade Wall |
| 5:52 | Build | Mill |
| 5:52 | Queue | Villager (Male) |
| 5:57 | Build | Palisade Wall |
| 5:58 | Build | Palisade Wall |
| 6:01 | Queue | Villager (Male) |
| 6:02 | Queue | Villager (Male) |
| 6:26 | Queue | Villager (Male) |
| 6:26 | Queue | Villager (Male) |
| 6:30 | Queue | Villager (Male) |
| 6:52 | Build | Palisade Wall |
| 6:57 | Build | Palisade Wall |
| 6:59 | Queue | Villager (Male) |
| 7:00 | Queue | Villager (Male) |
| 7:13 | Queue | Villager (Male) |
| 7:20 | Build | Palisade Wall |
| 7:45 | Build | House |
| 8:02 | Build | Mining Camp |
| 8:39 | Research | Loom |
| 8:55 | Build | Mining Camp |
| 9:31 | Research | Feudal Age |
| 10:45 | Queue | Villager (Male) |
| 10:46 | Queue | Villager (Male) |
| 11:02 | Build | Palisade Wall |
| 11:12 | Build | House |
| 11:14 | Build | House |
| 11:15 | Build | House |
| 11:17 | Build | Palisade Wall |
| 11:19 | Build | Palisade Wall |
| 11:25 | Queue | Villager (Male) |
| 11:45 | Age | Feudal Age |
| 11:49 | Build | Watch Tower |
| 11:50 | Queue | Villager (Male) |
| 12:00 | Build | Watch Tower |
| 12:00 | Queue | Villager (Male) |
| 12:11 | Queue | Villager (Male) |
| 12:19 | Build | Stone Wall |
| 12:24 | Build | Stone Wall |
| 12:32 | Build | Market |
| 12:46 | Build | Blacksmith |
| 12:49 | Build | Stone Wall |
| 13:22 | Build | Stone Wall |
| 13:22 | Build | Stone Wall |
| 13:27 | Build | Stone Wall |
| 14:03 | Research | Castle Age |
| 14:28 | Build | Farm |
| 14:30 | Build | Farm |
| 14:37 | Build | Farm |
| 14:46 | Build | Farm |
| 14:52 | Research | Double-Bit Axe |
| 14:55 | Build | Farm |
| 15:02 | Build | Farm |
| 15:31 | Build | Farm |
| 15:47 | Research | Horse Collar |
| 15:49 | Build | Farm |
| 16:08 | Build | Farm |
| 16:12 | Build | Farm |
| 16:27 | Build | Farm |
| 16:36 | Queue | Villager (Male) |
| 16:43 | Build | House |
| 16:43 | Age | Castle Age |
| 17:05 | Build | Castle |
| 17:07 | Queue | Villager (Male) |
| 17:14 | Build | Farm |
| 17:20 | Research | Bow Saw |
| 17:21 | Queue | Villager (Male) |
| 17:56 | Queue | Conquistador |
| 17:59 | Queue | Villager (Male) |
| 18:09 | Build | Farm |
| 18:16 | Queue | Villager (Male) |
| 18:23 | Queue | Conquistador |
| 18:37 | Build | Farm |
| 18:45 | Queue | Villager (Male) |
| 18:55 | Queue | Conquistador |
| 19:00 | Build | Farm |
| 19:07 | Queue | Villager (Male) |
| 19:10 | Build | Farm |
| 19:22 | Queue | Conquistador |
| 19:28 | Build | Farm |
| 19:30 | Queue | Villager (Male) |
| 19:47 | Build | Farm |
| 19:52 | Queue | Conquistador |
| 19:58 | Queue | Villager (Male) |
| 20:17 | Queue | Conquistador |
| 20:18 | Queue | Villager (Male) |
| 20:23 | Build | Barracks |
| 20:30 | Queue | Conquistador |
| 20:47 | Queue | Petard |
| 20:54 | Queue | Villager (Male) |
| 20:56 | Build | Lumber Camp |
| 21:11 | Queue | Petard |
| 21:14 | Queue | Villager (Male) |
| 21:29 | Build | Stable |
| 21:39 | Queue | Conquistador |
| 21:48 | Queue | Villager (Male) |
| 21:49 | Build | Farm |
| 21:56 | Research | Padded Archer Armor |
| 22:02 | Build | House |
| 22:12 | Queue | Conquistador |
| 22:13 | Queue | Villager (Male) |
| 22:32 | Queue | Villager (Male) |
| 22:35 | Build | Farm |
| 22:39 | Build | Farm |
| 22:45 | Research | Husbandry |
| 22:53 | Build | Farm |
| 22:56 | Build | Farm |
| 23:00 | Research | Bloodlines |
| 23:05 | Queue | Conquistador |
| 23:21 | Queue | Villager (Male) |
| 23:29 | Build | House |
| 23:30 | Build | House |
| 23:39 | Research | Leather Archer Armor |
| 23:39 | Research | Leather Archer Armor |
| 23:43 | Research | Wheelbarrow |
| 23:43 | Research | Wheelbarrow |
| 24:05 | Build | Monastery |
| 24:09 | Queue | Conquistador |
| 24:09 | Queue | Conquistador |
| 24:19 | Queue | Villager (Male) |
| 24:33 | Queue | Conquistador |
| 24:50 | Build | Siege Workshop |
| 24:52 | Queue | Missionary |
| 25:00 | Queue | Villager (Male) |
| 25:03 | Queue | Conquistador |
| 25:03 | Queue | Conquistador |
| 25:25 | Research | Devotion |
| 25:43 | Queue | Conquistador |
| 25:50 | Queue | Villager (Male) |
| 26:10 | Build | House |
Match timeline
| 5:45 | 我本善良 · first_building Barracks |
| 5:48 | CNZS_98T · wall_segment Palisade Wall x8 |
| 5:57 | CNZS_98T · wall_segment Palisade Wall x16 |
| 5:58 | CNZS_98T · wall_segment Palisade Wall x1 |
| 6:52 | CNZS_98T · wall_segment Palisade Wall x9 |
| 6:57 | CNZS_98T · wall_segment Palisade Wall x2 |
| 7:20 | CNZS_98T · wall_segment Palisade Wall x11 |
| 8:52 | 我本善良 · age_up feudal |
| 8:58 | 我本善良 · first_building Archery Range |
| 10:09 | 我本善良 · wall_segment Palisade Wall x5 |
| 10:10 | 我本善良 · wall_segment Palisade Wall x1 |
| 11:02 | CNZS_98T · wall_segment Palisade Wall x1 |
| 11:17 | CNZS_98T · wall_segment Palisade Wall x1 |
| 11:19 | CNZS_98T · wall_segment Palisade Wall x1 |
| 11:45 | CNZS_98T · age_up feudal |
| 12:19 | CNZS_98T · wall_segment Stone Wall x2 |
| 12:24 | CNZS_98T · wall_segment Stone Wall x2 |
| 12:42 | 我本善良 · wall_segment Palisade Wall x1 |
| 12:42 | 我本善良 · wall_segment Palisade Wall x1 |
| 12:42 | 我本善良 · wall_segment Palisade Wall x1 |
| 12:43 | 我本善良 · wall_segment Palisade Wall x1 |
| 12:49 | CNZS_98T · wall_segment Stone Wall x2 |
| 13:16 | 我本善良 · wall_segment Palisade Wall x1 |
| 13:22 | CNZS_98T · wall_segment Stone Wall x1 |
| 13:22 | CNZS_98T · wall_segment Stone Wall x1 |
| 13:27 | CNZS_98T · wall_segment Stone Wall x1 |
| 16:43 | CNZS_98T · age_up castle |
| 17:05 | CNZS_98T · first_building Castle |
| 17:35 | 我本善良 · first_market_buy 100 food |
| 17:44 | 我本善良 · wall_segment Stone Wall x16 |
| 17:48 | 我本善良 · wall_segment Stone Wall x7 |
| 17:50 | 我本善良 · wall_segment Stone Wall x1 |
| 17:51 | 我本善良 · wall_segment Stone Wall x1 |
| 17:52 | 我本善良 · wall_segment Stone Wall x1 |
| 17:54 | CNZS_98T · first_market_sell 100 wood |
| 17:59 | 我本善良 · wall_segment Stone Wall x11 |
| 18:42 | 我本善良 · wall_segment Stone Wall x6 |
| 18:50 | 我本善良 · wall_segment Stone Wall x3 |
| 19:34 | 我本善良 · wall_segment Stone Wall x1 |
| 19:49 | 我本善良 · wall_segment Stone Wall x3 |
| 19:50 | 我本善良 · wall_segment Stone Wall x1 |
| 20:16 | 我本善良 · age_up castle |
| 20:23 | CNZS_98T · first_building Barracks |
| 20:25 | 我本善良 · first_building Monastery |
| 21:29 | CNZS_98T · first_building Stable |
| 22:59 | CNZS_98T · first_market_buy 100 food |
| 24:05 | CNZS_98T · first_building Monastery |
| 24:50 | CNZS_98T · first_building Siege Workshop |
| 28:20 | 我本善良 · first_market_sell 100 wood |
| 29:43 | CNZS_98T · wall_segment Palisade Wall x1 |
| 32:35 | 我本善良 · resign |
[ AI ANALYSIS · 1 CREDIT ]
What really happened in this match?
Wolo.gg analyzes every decision: build order, eco, micro, common mistakes by bracket. Personalized analysis on WhatsApp or Discord in 30 seconds.
Civ guide
Aztecs
Perfil
Jugador #21227185